 Dungeon Crawl Stone Soup version 0.30-a0-949-g53dc5368d7 (webtiles) character file.

Game seed: 14698753273359235086

2018 2tousent the Cleaver (level 9, -2/78 (79) HPs)
             Began as a Hill Orc Fighter on Mar 27, 2023.
             Was a Believer of Beogh.
             Slain by Prince Ribbit (15 damage)
             ... on level 7 of the Dungeon.
             The game lasted 00:09:37 (5353 turns).

2tousent the Cleaver (Hill Orc Fighter)             Turns: 5353, Time: 00:09:38

HP:   -2/78 (79)    AC: 12    Str: 23    XL:     9   Next: 23%
MP:   12/12         EV:  8    Int:  8    God:    Beogh [**....]
Gold: 411           SH:  4    Dex: 10    Spells: 8/8 levels left

rFire   . . .      SeeInvis .    a - +1 war axe
rCold   . . .      Faith    .    c - +0 buckler
rNeg    + . .      Spirit   .    v - +0 chain mail
rPois   .          Reflect  .    (no helmet)
rElec   .          Rampage  .    p - +1 cloak
rCorr   +                        (no gloves)
Will    .....                    (no boots) Stlth
                                 (no amulet)
HPRegen 0.33/turn                e - ring of positive energy
MPRegen 0.13/turn                g - ring of resist corrosion

@: mighty, lethally poisoned (-2 -> -2), lightly drained
A: no striking features
a: Renounce Religion, Smiting


You were on level 7 of the Dungeon.
You worshipped Beogh.
Beogh was pleased with you.
You visited 1 branch of the dungeon, and saw 8 of its levels.

You collected 411 gold pieces.

Inventory:

Hand Weapons
 a - a +1 war axe (weapon)
Armour
 b - a +0 scale mail
 c - a +0 buckler (worn)
 p - a +1 cloak (worn)
 v - a +0 chain mail (worn)
Jewellery
 e - a ring of positive energy (left hand)
 g - a ring of resist corrosion (right hand)
 j - a ring of ice
 r - a +5 ring of evasion
 y - a ring of ice
Wands
 t - a wand of mindburst (20)
Scrolls
 i - a scroll of identify
 s - 2 scrolls of poison
 u - a scroll of blinking
 w - 3 scrolls of teleportation
Potions
 f - 3 potions of flight
 k - a potion of invisibility
 l - 6 potions of curing
 m - 2 potions of attraction
 n - a potion of berserk rage
 o - 4 potions of brilliance
 q - a potion of magic
 x - a potion of resistance {unknown}


   Skills:
 + Level 7.1 Fighting
 * Level 9.8 Axes
 + Level 6.5 Armour
 - Level 2.3 Dodging
 - Level 4.7 Shields
 + Level 4.8 Invocations


You had 8 spell levels left.
You didn't know any spells.
Your spell library contained the following spells:

 Spells                   Type           Power      Damage    Failure   Level
 Shock                    Conj/Air       0%         1d3       98%         1
 Scorch                   Fire           0%         2d5       99%         2
 Swiftness                Air            0%         N/A       100%        3
 Airstrike                Air            0%         2d(0-16)  100%        4
 Flame Wave               Conj/Fire      0%         2d4       100%        4
 Summon Cactus Giant      Summ           0%         N/A       100%        6


Dungeon Overview and Level Annotations

Branches:
Dungeon (8/15)             Temple (0/1) D:5
   Lair: D:8-11

Altars:
Fedhas
Gozag
Hepliaklqana
Makhleb
Nemelex Xobeh
Okawaru

Annotations:
D:7 Prince Ribbit


Message History

You feel sick. Prince Ribbit hits you.
You slash Prince Ribbit!
Prince Ribbit is almost dead.
You feel sick. You block Prince Ribbit's attack.
Prince Ribbit hits you but does no damage.
You closely miss Prince Ribbit.
Prince Ribbit is almost dead.
You feel sick.
You are no longer poisoned.
Prince Ribbit blinks!
You barely miss the wight.
The wight hits you with a +0 dagger of venom.
You partially resist.
You feel drained.
You are poisoned.
Prince Ribbit blinks!
You slash the wight!
You destroy the wight!
Beogh accepts your kill.
You feel very sick.
Your life force feels restored.
You feel sick.
You closely miss the wight.
You feel sick.
The wight hits you with a +3 short sword.
* * * LOW HITPOINT WARNING * * *
You partially resist.
You feel drained.
You closely miss the wight.
You feel sick.
The wight hits you with a +3 short sword.
* * * LOW HITPOINT WARNING * * *
The wight hits you with a +3 short sword.
* * * LOW HITPOINT WARNING * * *
You slash the wight!
The wight is heavily damaged.
You feel sick.
Prince Ribbit hops awkwardly around.
You block the wight's attack.
You slash the wight!
You destroy the wight!
Beogh accepts your kill.
You feel sick. Prince Ribbit hits you!
You die...

** *** *## ,* *,* ##* ##.# **#**
****,* #.#*##@#* *###.*,* * *,,*
##..##F## *...,*,**
***,,***##....Zz#####.#,##*,**
**,,***,....##..##...#*#.##*,** *
,,,,,,,,.............#*...##.,***
*,,***+*##.###'###..###......,,*,
*,,,**,**,,,*#.##...##......,,,,,
,,,,,***,,,,,###....##....#**..,,
,,,,,,*,,,,,,,#...........###..,,


You could see Prince Ribbit, a wight and a kobold zombie.

Vanquished Creatures
  Sigmund (D:4)
  2 water moccasins
  A black bear (D:6)
  2 ogres
  3 centaurs
  A bullfrog (D:6)
  2 kobold brigands (D:6)
  A scorpion (D:6)
  5 wights
  A howler monkey (D:5)
  A jelly (D:4)
  4 hounds (D:5)
  Crazy Yiuf (D:2)
  7 iguanas
  2 orc wizards
  A gnoll (D:1)
  12 adders
  An ufetubus (D:4)
  2 worms
  2 dart slugs
  26 orcs
  9 ball pythons
  6 endoplasms
  2 giant cockroaches
  7 goblins
  2 hobgoblins
  4 jackals (D:4)
  17 kobolds
  5 quokkas
  4 bats
  4 frilled lizards
  5 rats
143 creatures vanquished.

Vanquished Creatures (others)
  A kobold (D:4)
  3 fungi (D:4)
4 creatures vanquished.

Grand Total: 147 creatures vanquished

Notes
Turn   | Place    | Note
-------+----------+-------------------------------------------
     0 | D:1      | 2tousent the Hill Orc Fighter began the quest for the Orb.
     0 | D:1      | Reached XP level 1. HP: 19/19 MP: 1/1
    80 | D:1      | Reached skill level 3 in Axes
   134 | D:1      | Reached XP level 2. HP: 27/27 MP: 2/2
   428 | D:1      | Reached XP level 3. HP: 22/33 MP: 3/3
   988 | D:2      | Reached skill level 1 in Dodging
  1088 | D:2      | Reached XP level 4. HP: 40/40 MP: 4/4
  1211 | D:2      | Found a runed translucent door.
  1212 | D:2      | Noticed Crazy Yiuf
  1484 | D:2      | Killed Crazy Yiuf
  1485 | D:2      | Reached skill level 4 in Axes
  1630 | D:3      | Found an iron altar of Okawaru.
  1657 | D:3      | Reached XP level 5. HP: 38/46 MP: 5/5
  1752 | D:3      | Found a sparkling altar of Nemelex Xobeh.
  1822 | D:3      | Identified the staff of cold "Pugev" {rC+ rN+ Will- Str+3}
  1876 | D:3      | Found a burning altar of Makhleb.
  1876 | D:3      | Noticed a green death
  2021 | D:4      | Found a blossoming altar of Fedhas.
  2038 | D:4      | Became a worshipper of Beogh the Brigand
  2065 | D:4      | Reached skill level 5 in Axes
  2065 | D:4      | Reached XP level 6. HP: 23/53 MP: 6/6
  2105 | D:4      | HP: 2/55 [something (2)]
  2345 | D:4      | Reached * piety under Beogh
  2762 | D:4      | Reached skill level 5 in Fighting
  2873 | D:4      | Noticed Sigmund
  2891 | D:4      | Killed Sigmund
  2892 | D:4      | Reached skill level 6 in Axes
  2892 | D:4      | Reached XP level 7. HP: 44/61 MP: 7/7
  3177 | D:5      | Entered Level 5 of the Dungeon
  3212 | D:4      | Reached skill level 1 in Invocations
  3322 | D:5      | Reached skill level 5 in Armour
  3334 | D:5      | Reached skill level 7 in Axes
  3334 | D:5      | Reached XP level 8. HP: 28/70 MP: 7/9
  3677 | D:5      | Reached ** piety under Beogh
  3849 | D:5      | Reached skill level 8 in Axes
  4112 | D:5      | Found a staircase to the Ecumenical Temple.
  4187 | D:5      | Found an opulent altar of Gozag.
  4696 | D:6      | Found a hazy altar of Hepliaklqana.
  4711 | D:6      | Reached skill level 9 in Axes
  4877 | D:6      | Reached XP level 9. HP: 75/78 MP: 12/12
  5230 | D:6      | You fall into a shaft and drop 2 floors!
  5291 | D:7      | Noticed Prince Ribbit
  5353 | D:7      | Slain by Prince Ribbit

Illustrated notes

Levels and vault maps discovered:
D:1:      minmay_arrival_shoal_huts, layout_loops_ring
D:2:      layout_loops_ring, minmay_misc_feat_doors, uniq_crazy_yiuf_cottage
D:3:      layout_rooms, lemuel_round_altar, makhleb_altar_promises_db,
          marbit_many_paths
D:4:      layout_rooms, fedhas_altar_3, serial_co_window_serial,
          co_window_paths_b, co_window_paths_b, co_window_paths_a,
          co_window_of_opportunity_a, co_window_paths_a, co_window_corner_b,
          co_window_2corner, co_window_corner_b, co_window_unsneaky_path_d,
          uniq_sigmund
D:5:      nicolae_cairo_tiling_large_dashed, layout_rooms,
          general_overflow_altar, minmay_temple_entry_enclosed_plants
D:6:      layout_loops_ring, kennysheep_mini_moat, ebering_ghost_sewer_f,
          minmay_starry_boxes
D:7:      layout_layer_cave, trog_hazing_becter, enter_bailey_3,
          nicolae_ossuary_entry_giza, uniq_duvessa, uniq_prince_ribbit1
D:8:      layout_cave_pools, vehumet_crystals, nicolae_sif_muna_little_library,
          glass_columns_b, minivault_14

Skill      XL: |  1  2  3  4  5  6  7  8  9 |
---------------+----------------------------+-----
Axes           | 3 4 5 6 7 9 |  9.8
Fighting       | 4 5 6 7 |  7.1
Dodging        | 1 2 |  2.3
Armour         | 4 5 6 |  6.5
Shields        | 4 |  4.7
Invocations    | 1 4 |  4.8

Action                     |  1- 3 |  4- 6 |  7- 9 || total
---------------------------+-------+-------+-------++-------
  Melee: War axe           |   105 |   159 |   246 ||   510
 Invoke: Convert to Beogh  |       |     1 |       ||     1
    Use: Scroll            |     4 |     2 |    10 ||    16
         Potion            |       |     5 |     1 ||     6
 Armour: Scale mail        |    37 |    64 |    22 ||   123
         Chain mail        |       |       |   144 ||   144
  Dodge: Dodged            |    62 |    84 |   110 ||   256
  Block: Buckler           |    29 |    33 |    59 ||   121

Table legend: (Time is in decaauts)
 A = Elapsed time spent in this place.
 B = Non-inter-level travel time spent in this place.
 C = Inter-level travel time spent in this place.
 D = Time resting spent in this place.
 E = Time spent auto-exploring this place.
 F = Levels seen in this place.
 G = Mean time per level.
                   A        B        C        D        E       F      G
               +--------+--------+--------+--------+--------+-----+--------+
         Total |   5463 |   5312 |    151 |    245 |   3935 |   8 |  682.9 |
       Dungeon |   5463 |   5312 |    151 |    245 |   3935 |   8 |  682.9 |
               +--------+--------+--------+--------+--------+-----+--------+

Top non-repeatable levels by time:
     D:4: 1104 daAuts
     D:5: 1052 daAuts
     D:6: 967 daAuts
     D:1: 835 daAuts
     D:2: 786 daAuts
     D:3: 594 daAuts
     D:7: 67 daAuts
     D:8: 55 daAuts
